 Dungeon Crawl Stone Soup version 0.27.0-1-g7a089689b8 (webtiles) character file.

Game seed: 16682491310138872681

4104 ZombieSheep the Nimble (level 10, -2/53 HPs)
             Began as a Spriggan Hunter on Aug 1, 2021.
             Was a Believer of Okawaru.
             Slain by an eight-headed hydra (14 damage)
             ... on level 8 of the Dungeon.
             The game lasted 00:27:23 (12246 turns).

ZombieSheep the Nimble (Spriggan Hunter)           Turns: 12246, Time: 00:27:25

Health: -2/53      AC:  5    Str: 14    XL:     10   Next: 6%
Magic:  13/13      EV: 25    Int: 12    God:    Okawaru [**....]
Gold:   403        SH:  0    Dex: 20    Spells: 9/9 levels left

rFire    + . .     SeeInvis +   a - +1 hand crossbow (flame)
rCold    . . .     Faith    .   (shield restricted)
rNeg     . . .     Spirit   .   c - +1 robe
rPois    .         Reflect  .   (helmet restricted)
rElec    +         Harm     .   f - +1 cloak of Amorality {rElec rCorr}
rCorr    +         Rampage  .   (gloves unavailable)
Will     +....                  (boots unavailable)
Stlth    ++........             (no amulet)
HPRegen  0.17/turn              w - +6 ring of strength
MPRegen  0.13/turn              A - ring of protection from fire

@: very quick
A: very small, no large weapons, unfitting armour, see invisible, speed 3
a: Renounce Religion, Heroism


You were on level 8 of the Dungeon.
You worshipped Okawaru.
Okawaru was pleased with you.
You visited 2 branches of the dungeon, and saw 9 of its levels.
You also visited: Ossuary.

You collected 478 gold pieces.
You spent 75 gold pieces at shops.

Inventory:

Hand Weapons
 a - a +1 hand crossbow of flaming (weapon)
 b - a +3 short sword of flaming
 D - a +3 scimitar of freezing
Missiles
 d - 31 bolts (quivered ammo)
 x - a throwing net
Armour
 c - a +1 robe (worn)
 f - the +1 cloak of Amorality (worn) {rElec rCorr}
   (You acquired it on level 4 of the Dungeon)

   rElec:     It insulates you from electricity.
   rCorr:     It protects you from acid and corrosion.
 r - the +2 hat "Ciont" {Harm rF+ rC+}
   (You found it on level 4 of the Dungeon)

   rF:        It protects you from fire.
   rC:        It protects you from cold.
   Harm:      It increases damage dealt and taken.
Jewellery
 w - a +6 ring of strength (left hand)
 A - a ring of protection from fire (right hand)
Wands
 o - a wand of paralysis (9)
 s - a wand of acid (14)
 v - a wand of charming (10)
 E - a wand of iceblast (7)
Scrolls
 e - 3 scrolls of teleportation
 k - 3 scrolls of magic mapping
 p - 4 scrolls of identify
 t - a scroll of amnesia
 u - a scroll of fear
 y - 2 scrolls of holy word
 z - 2 scrolls of enchant weapon
 B - a scroll of vulnerability {unknown}
 C - a scroll of summoning
Potions
 g - 7 potions of curing
 h - 2 potions of flight
 i - 5 potions of resistance
 j - a potion of might
 l - a potion of lignification
 m - a potion of heal wounds
 n - 3 potions of brilliance
 q - a potion of haste


   Skills:
 + Level 6.1 Fighting
 - Level 7.5 Short Blades
 + Level 0.2(3.4) Long Blades
 + Level 8.2 Crossbows
 + Level 9.6 Dodging
 - Level 1.5 Stealth
 + Level 3.3 Invocations


You had 9 spell levels left.
You didn't know any spells.
Your spell library contained the following spells:

 Spells                   Type           Power      Damage    Failure   Level
 Magic Dart               Conj           0%         1d3       32%         1
 Searing Ray              Conj           0%         3d3       45%         2
 Tukima's Dance           Hex            0%         N/A       69%         3
 Fulminant Prism          Conj/Hex       0%         3d6       97%         4
 Passage of Golubria      Tloc           N/A        N/A       97%         4
 Petrify                  Tmut/Erth      0%         N/A       97%         4
 Metabolic Englaciation   Hex/Ice        0%         N/A       100%        5
 Yara's Violent Unravell  Hex/Tmut       0%         3d3       100%        5
 Statue Form              Tmut/Erth      0%         N/A       100%        6
 Malign Gateway           Summ/Tloc      0%         N/A       100%        7
 Summon Horrible Things   Summ           0%         N/A       100%        8


Dungeon Overview and Level Annotations

Branches:
Dungeon (8/15)             Temple (1/1) D:6         Ossuary (visited)
   Lair: D:8-11

Altars:
Ashenzari
Cheibriados
Dithmenos
Elyvilon
Fedhas
Gozag
Hepliaklqana
Kikubaaqudgha
Makhleb
Nemelex Xobeh
Okawaru
Qazlal
Sif Muna
Trog
Uskayaw
Vehumet
Wu Jian
Xom
Yredelemnul
Zin
The Shining One

Shops:
D:6 *


Innate Abilities, Weirdness & Mutations

You are very small and have problems with some larger weapons.
You are too small for most types of armour.
You have supernaturally acute eyesight. (SInv)
You cover ground extremely quickly. (Speed+++)


Message History

The bolt burns the eight-headed hydra.
The eight-headed hydra is lightly wounded.
You shoot a bolt.
The bolt barely misses the eight-headed hydra.
You shoot a bolt. The bolt hits the eight-headed hydra.
The bolt burns the eight-headed hydra.
The eight-headed hydra is lightly wounded.
You shoot a bolt. The bolt hits the eight-headed hydra.
The bolt burns the eight-headed hydra.
The eight-headed hydra is moderately wounded.
You shoot a bolt. The bolt hits the eight-headed hydra.
The bolt burns the eight-headed hydra.
The eight-headed hydra is moderately wounded.
Things that are here:
a yak skeleton; a yak skeleton
There is a stone staircase leading up here.
You shoot a bolt. The bolt hits the eight-headed hydra!
The bolt burns the eight-headed hydra.
The eight-headed hydra is heavily wounded.
You shoot a bolt. The bolt hits the eight-headed hydra!
The bolt burns the eight-headed hydra.
The eight-headed hydra is severely wounded.
You shoot a bolt.
The bolt barely misses the eight-headed hydra.
You shoot a bolt. The bolt hits the eight-headed hydra.
The bolt burns the eight-headed hydra.
The eight-headed hydra is severely wounded.
You shoot a bolt.
The bolt barely misses the eight-headed hydra.
The eight-headed hydra bites you! x2; The eight-headed hydra bites you.
The eight-headed hydra misses you. x2; The eight-headed hydra bites you.
The eight-headed hydra closely misses you.
The eight-headed hydra barely misses you.
The eight-headed hydra bites you!
* * * LOW HITPOINT WARNING * * *
The eight-headed hydra completely misses you.
The eight-headed hydra bites you but does no damage.
The eight-headed hydra completely misses you. x2
The eight-headed hydra bites you!
You die...

###########..[#.###.#.##..#######
................###.#.##.>#
................#.....##..#
.##..#[###.....((......#..#
#.##.# ##...#(........#.###
###....# #.###.............#
....#### #.# #.............#
....# ##.# ##D....##.)...# ..###
##..# #.@.....#.....# ..# #..##
#.............# ..# ##.##
#.............# ..# #..#
##............# ..#
#.######.....###.....# .##
#........##### #....>##### ##
#..####### #####.....# # ####
#######


You could see an eight-headed hydra.

Vanquished Creatures
  3 yaks (D:8)
  A steam dragon (D:4)
  An acid dragon (D:8)
  A water moccasin (D:6)
  2 sky beasts
  A black bear (D:7)
  3 necrophages
  3 ogres
  A phantom (D:5)
  A bullfrog (D:7)
  Blork the orc (D:5)
  2 gnoll sergeants
  5 water moccasin zombies
  2 wyvern skeletons (D:7)
  7 killer bees
  4 howler monkeys
  5 wights (D:8)
  A centaur zombie (D:7)
  3 hounds
  2 jellies
  2 centaur skeletons (D:7)
  2 orc priests (D:7)
  2 gnoll shamans
  2 iguanas
  6 orc wizards
  A hound zombie (D:5)
  2 mummies (Ossuary)
  29 gnolls
  8 adders
  2 shadow imps
  An ufetubus (D:5)
  7 adder zombies (Ossuary)
  A worm zombie (D:4)
  An adder skeleton (D:5)
  2 worms (D:3)
  3 dart slugs
  26 orcs
  6 bats
  5 endoplasms
  2 giant cockroaches (D:2)
  2 gnoll zombies (Ossuary)
  5 goblins
  4 hobgoblins
  22 jackals
  8 kobolds
  4 quokkas
  7 ball pythons
  2 frilled lizards
  A goblin zombie (D:4)
  3 hobgoblin zombies (Ossuary)
  2 kobold zombies (Ossuary)
  4 orc zombies (Ossuary)
  4 rats
227 creatures vanquished.

Vanquished Creatures (others)
  A fungus (D:5)
  2 plants (D:5)
3 creatures vanquished.

Grand Total: 230 creatures vanquished

Notes
Turn   | Place    | Note
-------+----------+-------------------------------------------
     0 | D:1      | ZombieSheep the Spriggan Hunter began the quest for the
                  | Orb.
     0 | D:1      | Reached XP level 1. HP: 10/10 MP: 2/2
   191 | D:1      | Found a faded altar of an unknown god.
   246 | D:1      | Reached skill level 3 in Dodging
   246 | D:1      | Reached XP level 2. HP: 8/15 MP: 3/3
   691 | D:1      | Reached skill level 1 in Short Blades
  1105 | D:2      | Reached XP level 3. HP: 18/18 MP: 4/4
  1731 | D:2      | Reached XP level 4. HP: 19/23 MP: 5/5
  2095 | D:2      | Found a hide-covered altar of Uskayaw.
  2485 | D:3      | Reached skill level 4 in Dodging
  3383 | D:4      | Reached XP level 5. HP: 23/27 MP: 6/6
  3459 | D:4      | Found a sand-covered staircase.
  3475 | Ossuary  | Entered an ossuary
  3702 | Ossuary  | Reached skill level 5 in Crossbows
  3702 | Ossuary  | Reached XP level 6. HP: 19/32 MP: 7/7
  3923 | Ossuary  | Reached skill level 5 in Dodging
  4785 | D:4      | Noticed a steam dragon
  4940 | D:4      | Killed a steam dragon
  4941 | D:4      | Reached XP level 7. HP: 36/36 MP: 8/8
  5075 | D:4      | Found a hazy altar of Hepliaklqana.
  5379 | D:4      | Identified the +2 hat "Ciont" {Harm rF+ rC+}
  5697 | D:4      | Found a blossoming altar of Fedhas.
  5802 | D:4      | Identified a scroll of acquirement
  5802 | D:4      | Acquired the +1 cloak of Amorality {rElec rCorr}
  5843 | D:5      | Entered Level 5 of the Dungeon
  5899 | D:5      | Reached skill level 6 in Dodging
  6144 | D:5      | Reached XP level 8. HP: 42/42 MP: 9/9
  6271 | D:5      | Reached skill level 5 in Short Blades
  6617 | D:5      | Noticed Blork the orc
  6694 | D:5      | Killed Blork the orc
  6695 | D:5      | Reached skill level 7 in Dodging
  8645 | D:5      | Reached skill level 5 in Fighting
  8821 | D:5      | Reached skill level 8 in Dodging
  9281 | D:6      | Reached XP level 9. HP: 42/47 MP: 10/10
  9425 | D:6      | Found a staircase to the Ecumenical Temple.
  9469 | D:6      | Found Zych's General Store.
  9502 | Temple   | Entered the Ecumenical Temple
  9600 | Temple   | Became a worshipper of Warmaster Okawaru
  9728 | D:6      | Bought 29 bolts for 75 gold pieces
  9814 | D:6      | Found an ornate altar of the Wu Jian Council.
 10109 | D:7      | Found a sparkling altar of Nemelex Xobeh.
 10158 | D:7      | Found a broken altar of Ashenzari.
 10533 | D:7      | Reached skill level 1 in Invocations
 11481 | D:8      | Reached * piety under Okawaru
 11482 | D:8      | Reached skill level 9 in Dodging
 11782 | D:8      | Noticed an eight-headed hydra
 11896 | D:8      | Reached ** piety under Okawaru
 12016 | D:8      | Reached XP level 10. HP: 46/52 MP: 13/13
 12246 | D:8      | Slain by an eight-headed hydra

Illustrated notes

Levels and vault maps discovered:
D:1:      kilobyte_arrival_exit_the_forest, layout_rooms,
          basic_ecumenical_altar, moated_statue
D:2:      layout_rooms, basic_altar, serial_aquarium, aquarium_bridge_square
          [aquarium_subvault_bridge, aquarium_subvault_bridge,
          aquarium_subvault_window, aquarium_subvault_bridge],
          aquarium_window_1, aquarium_window_fake, aquarium_view_2b,
          aquarium_view_2a, aquarium_balcony_3b, aquarium_pool_double,
          minmay_tetromino_l2
D:3:      layout_basic, minmay_randomly_rotated_circles
D:4:      layout_basic, mainiacjoe_overflow_alcove_4, lemuel_crystal_altar,
          enter_ossuary_3
D:5:      lemuel_castle_with_subvaults [lemuel_castle_interior_carwin_2],
          layout_loops_ring, uniq_blork_the_orc
D:6:      layout_basic, nicolae_wu_jian_immortal_techniques, temple_statues,
          kennysheep_windowed_goal
D:7:      layout_cave_pods, mainiacjoe_overflow_boulevard,
          nemelex_xobeh_ov_fountains_minmay, st_stairs_5
D:8:      layout_rooms
Temple:   regret_index_temple_sphere_string

Skill      XL: |  1  2  3  4  5  6  7  8  9 |
---------------+----------------------------+-----
Dodging        | 3 4 5 6 8 9 |  9.6
Short Blades   | 1 2 3 4 6 7 |  7.5
Fighting       | 2 3 4 5 6 |  6.1
Crossbows      | 5 6 7 8 |  8.2
Invocations    | 3 |  3.3
Long Blades    | |  0.2
Stealth        | |  1.5

Action                   |  1- 3 |  4- 6 |  7- 9 | 10-12 || total
-------------------------+-------+-------+-------+-------++-------
Melee: Short sword       |    74 |   163 |   426 |    15 ||   678
 Fire: Hand crossbow     |    50 |    92 |   180 |    15 ||   337
Throw: Throwing net      |       |       |     1 |       ||     1
Invok: Heroism           |       |       |     1 |       ||     1
Evoke: Wand              |       |     1 |     3 |       ||     4
  Use: Scroll            |     2 |     4 |    12 |       ||    18
       Potion            |     2 |       |       |       ||     2
 Stab: Sleeping          |     2 |     9 |     5 |       ||    16
       Paralysed         |       |     2 |     2 |       ||     4
Armor: Robe              |    10 |    15 |    37 |     5 ||    67
Dodge: Dodged            |    96 |   158 |   375 |    17 ||   646
